 Dungeon Crawl Stone Soup version 0.28-a0-1435-g82390b3a13 (webtiles) character file.

Game seed: 9860301026350068280

291 pokeman the Magician (level 6, -6/34 HPs)
             Began as a Deep Elf Hedge Wizard on Jan 9, 2022.
             Mangled by an ogre (27 damage)
             ... on level 4 of the Dungeon.
             The game lasted 00:06:41 (4000 turns).

pokeman the Magician (Deep Elf Hedge Wizard)        Turns: 4000, Time: 00:06:41

Health: -6/34      AC:  6    Str:  7    XL:     6   Next: 10%
Magic:  0/17       EV: 12    Int: 21    God:
Gold:   123        SH:  0    Dex: 20    Spells: 3/18 levels left

rFire   . . .      SeeInvis .   w - +2 mace (protect)
rCold   . . .      Faith    .   (no shield)
rNeg    . . .      Spirit   .   e - +0 leather armour
rPois   .          Reflect  .   f - +0 helmet
rElec   .          Harm     .   (no cloak)
rCorr   .          Rampage  .   q - +1 pair of gloves
Will    .....                   (no boots)
Stlth   ++........              (no amulet)
HPRegen 0.11/turn               s - +6 ring of dexterity
MPRegen 0.15/turn               (no ring)

@: no status effects
A: no striking features
a: no special abilities


You were on level 4 of the Dungeon.
You visited 1 branch of the dungeon, and saw 4 of its levels.

You collected 123 gold pieces.

Inventory:

Hand Weapons
 w - a +2 mace of protection (weapon)
Missiles
 c - 15 bolts
 j - 22 arrows
Armour
 e - a +0 leather armour (worn)
 f - a +0 helmet (worn)
 q - a +1 pair of gloves (worn)
Jewellery
 s - a +6 ring of dexterity (left hand)
Wands
 v - a wand of iceblast (1)
Scrolls
 b - 2 scrolls of identify {unknown}
 g - a scroll of brand weapon {unknown}
 i - a scroll of torment {unknown}
 k - a scroll of vulnerability {unknown}
 l - a scroll of summoning {unknown}
 o - 3 scrolls of silence {unknown}
 p - 3 scrolls of fog {unknown}
 r - a scroll of amnesia {unknown}
Potions
 d - 2 potions of magic {unknown}
 h - a potion of resistance {unknown}
 m - a potion of invisibility {unknown}
 n - a potion of curing {unknown}
 t - 3 potions of berserk rage {unknown}
 u - a potion of might {unknown}


   Skills:
 - Level 1.0 Fighting
 - Level 1.0 Armour
 - Level 3.0 Dodging
 - Level 3.2 Stealth
 * Level 6.8 Spellcasting
 + Level 3.0 Conjurations
 - Level 1.1 Summonings
 - Level 1.1 Translocations
 - Level 1.2 Fire Magic
 - Level 1.3 Air Magic
 + Level 0.0 Earth Magic
 + Level 0.0 Evocations


You had 3 spell levels left.
You knew the following spells:

 Your Spells              Type           Power      Damage    Failure   Level
a - Magic Dart            Conj           76%        1d6       3%          1
b - Mephitic Cloud        Conj/Pois/Air  13%        N/A       22%         3
c - Call Imp              Summ           11%        N/A       13%         2
d - Blink                 Tloc           22%        N/A       13%         2
e - Conjure Flame         Conj/Fire      16%        6-21      17%         3
f - Foxfire               Conj/Fire      64%        2x1d7     5%          1
g - Stone Arrow           Conj/Erth      26%        3d8       22%         3

Your spell library contained the following spells:

 Spells                   Type           Power      Damage    Failure   Level
 Sandblast                Erth           14%        2d6       13%         1
 Slow                     Hex            28%        N/A       13%         1
 Passwall                 Tmut/Erth      5%         N/A       21%         2
 Lesser Beckoning         Tloc           11%        N/A       26%         3
 Inner Flame              Hex/Fire       9%         N/A       30%         3
 Flame Wave               Conj/Fire      16%        2d5       50%         4
 Manifold Assault         Tloc           11%        N/A       93%         5


Dungeon Overview and Level Annotations

Branches:
Dungeon (4/15)
 Temple: D:4-7

Altars:
Trog


Message History

Confirm with . or Enter, or press ? or * to list all spells.
Aiming: Magic Dart (safe; 3% risk of failure)
Press: ? - help, Shift-Dir - straight line, f/p - ogre
Aim: an ogre, wielding a +0 giant club (moderately wounded, confused, 100% to hit)
The magic dart hits the ogre.
The ogre is heavily wounded.
Casting: Magic Dart (safe; 3% risk of failure)
Confirm with . or Enter, or press ? or * to list all spells.
Aiming: Magic Dart (safe; 3% risk of failure)
Press: ? - help, Shift-Dir - straight line, f/p - ogre
Aim: an ogre, wielding a +0 giant club (heavily wounded, confused, 100% to hit)
The magic dart hits the ogre.
The ogre is severely wounded.
Casting: Magic Dart (safe; 3% risk of failure)
Confirm with . or Enter, or press ? or * to list all spells.
Aiming: Magic Dart (safe; 3% risk of failure)
Press: ? - help, Shift-Dir - straight line, f/p - ogre
Aim: an ogre, wielding a +0 giant club (severely wounded, confused, 100% to hit)
The magic dart hits the ogre.
The ogre is almost dead.
The ogre seems less confused.
Casting: Magic Dart (safe; 3% risk of failure)
Confirm with . or Enter, or press ? or * to list all spells.
Aiming: Magic Dart (safe; 3% risk of failure)
Press: ? - help, Shift-Dir - straight line, f/p - ogre
Aim: an ogre, wielding a +0 giant club (almost dead, 100% to hit)
The magic dart hits the ogre.
The ogre is almost dead.
You hit the ogre.
Your weapon exudes an aura of protection.
The ogre is almost dead.
The ogre hits you with a +0 giant club.
You barely miss the ogre.
The ogre is almost dead.
The ogre hits you with a +0 giant club!
You barely miss the ogre.
The ogre is almost dead.
The ogre hits you with a +0 giant club!!
Ouch! That really hurt!
You die...

#.##.#.. .(.
#.##...#...
##.##.#.#.#
##.....#...
##...##.#†#.##.#
#....##.).......
....
#....##†#.##.###
....
#....##O#[##.##
.... ...
#.....@........
...# #.#
##..#########.#
...####.####..##
...#...........#
...#...........#
...#....†....).#
...#...........#
...#.......#####
...#....####


You could see an ogre.

Vanquished Creatures
  An ogre (D:4)
  A hound (D:3)
  An iguana (D:2)
  2 gnolls (D:2)
  5 adders
  An ufetubus (D:3)
  5 worms
  2 dart slugs (D:2)
  2 orcs
  8 ball pythons
  5 endoplasms
  3 giant cockroaches
  4 goblins
  5 hobgoblins
  4 jackals
  6 kobolds
  A quokka (D:4)
  9 bats
  2 frilled lizards (D:2)
  6 rats
73 creatures vanquished.

Notes
Turn   | Place    | Note
-------+----------+-------------------------------------------
     0 | D:1      | pokeman the Deep Elf Hedge Wizard began the quest for the
                  | Orb.
     0 | D:1      | Reached XP level 1. HP: 10/10 MP: 7/7
   503 | D:1      | Reached XP level 2. HP: 16/16 MP: 5/9
  1081 | D:1      | Found a faded altar of an unknown god.
  1319 | D:2      | Reached skill level 5 in Spellcasting
  1319 | D:2      | Reached XP level 3. HP: 20/20 MP: 5/11
  1327 | D:2      | Learned a level 3 spell: Mephitic Cloud
  1330 | D:2      | Learned a level 2 spell: Call Imp
  1333 | D:2      | Learned a level 2 spell: Blink
  1337 | D:2      | Learned a level 3 spell: Conjure Flame
  1444 | D:2      | Reached skill level 1 in Fighting
  1588 | D:2      | Reached skill level 1 in Armour
  1681 | D:2      | Found a bloodstained altar of Trog.
  1878 | D:2      | Reached XP level 4. HP: 25/25 MP: 5/13
  1891 | D:2      | Reached skill level 1 in Fire Magic
  2735 | D:3      | Reached skill level 6 in Spellcasting
  2902 | D:3      | Reached XP level 5. HP: 24/29 MP: 8/15
  2982 | D:3      | Learned a level 3 spell: Stone Arrow
  3058 | D:3      | Learned a level 1 spell: Foxfire
  3973 | D:4      | Noticed an ogre
  3976 | D:4      | Noticed an ogre
  3984 | D:4      | Killed an ogre
  3985 | D:4      | Reached skill level 1 in Air Magic
  3985 | D:4      | Reached XP level 6. HP: 34/34 MP: 5/17
  4000 | D:4      | Mangled by an ogre

Illustrated notes

Levels and vault maps discovered:
D:1:      ncdulo_smallfort, layout_basic, shapermc_ecumenical_altar_mp_vishouse
D:2:      layout_basic, basic_altar, kennysheep_generic_room_4
D:3:      layout_rooms, kennysheep_generic_room_11
D:4:      layout_gridville, regret_index_temple_of_mockery, minitemple,
          kennysheep_nondescript, minmay_diced_spiral

Skill      XL: |  1  2  3  4  5 |
---------------+----------------+-----
Spellcasting   | 5 6 |  6.8
Fighting       | 1 |  1.0
Armour         | 1 |  1.0
Conjurations   | 2 3 |  3.0
Fire Magic     | 1 |  1.2
Dodging        | 3 |  3.0
Stealth        | 3 |  3.2
Air Magic      | 1 |  1.3
Summonings     | |  1.1
Translocations | |  1.1

Action                   |  1- 3 |  4- 6 || total
-------------------------+-------+-------++-------
Melee: Dagger            |       |     2 ||     2
       Mace              |       |     7 ||     7
 Cast: Magic Dart        |    67 |   127 ||   194
       Conjure Flame     |     1 |     2 ||     3
       Mephitic Cloud    |     1 |     2 ||     3
       Call Imp          |       |     1 ||     1
 Stab: Confused          |       |     1 ||     1
Armor: Robe              |     1 |       ||     1
       Leather armour    |     3 |     4 ||     7
Dodge: Dodged            |     7 |    17 ||    24

Table legend: (Time is in decaauts)
 A = Elapsed time spent in this place.
 B = Non-inter-level travel time spent in this place.
 C = Inter-level travel time spent in this place.
 D = Time resting spent in this place.
 E = Time spent auto-exploring this place.
 F = Levels seen in this place.
 G = Mean time per level.
                   A        B        C        D        E       F      G
               +--------+--------+--------+--------+--------+-----+--------+
         Total |   4002 |   3915 |     87 |      0 |   3433 |   4 | 1000.5 |
       Dungeon |   4002 |   3915 |     87 |      0 |   3433 |   4 | 1000.5 |
               +--------+--------+--------+--------+--------+-----+--------+

Top non-repeatable levels by time:
     D:2: 1384 daAuts
     D:1: 1246 daAuts
     D:3: 1009 daAuts
     D:4: 362 daAuts
